 Dungeon Crawl Stone Soup version 0.28.0-43-g3370ac3207 (webtiles) character file.

Game seed: 16705743354623478304

645 CryoSword the Gusty (level 7, 0/42 HPs)
             Began as a Tengu Air Elementalist on Mar 21, 2022.
             Slain by Grinder (8 damage)
             ... while paralysed by Grinder
             ... on level 4 of the Dungeon.
             The game lasted 00:07:00 (5668 turns).

CryoSword the Gusty (Tengu Air Elementalist)        Turns: 5668, Time: 00:07:01

Health: 0/42       AC:  2    Str:  8    XL:     7   Next: 52%
Magic:  4/12       EV:  2    Int: 17    God:
Gold:   200        SH:  0    Dex: 15    Spells: 5/11 levels left

rFire   . . .      SeeInvis .   l - +3 whip (vamp)
rCold   . . .      Faith    .   (no shield)
rNeg    . . .      Spirit   .   a - +0 robe
rPois   .          Reflect  .   m - +0 hat
rElec   .          Harm     .   (no cloak)
rCorr   .          Rampage  .   (no gloves)
Will    .....                   (boots unavailable)
Stlth   ++........              (no amulet)
HPRegen 0.14/turn               (no ring)
MPRegen 0.13/turn               (no ring)

@: paralysed, flying quickly and evasively, very slightly contaminated, quick
A: beak, talons 3, nimble flight
a: no special abilities


You were on level 4 of the Dungeon.
You visited 1 branch of the dungeon, and saw 4 of its levels.

You collected 200 gold pieces.

Inventory:

Hand Weapons
 e - a +3 dagger of electrocution
   (You took it off a kobold on level 1 of the Dungeon)
 l - a +3 vampiric whip (weapon)
   (You took it off an orc priest on level 4 of the Dungeon)
Missiles
 h - 4 boomerangs
 j - 2 throwing nets
 k - 5 poisoned darts
Armour
 a - a +0 robe (worn)
 m - a +0 hat (worn)
   (You found it on level 4 of the Dungeon)
Wands
 c - a wand of iceblast (6)
   (You found it on level 3 of the Dungeon)
Scrolls
 d - a scroll of identify {@r1}
 f - 2 scrolls of holy word
 g - a scroll of immolation {unknown}
 n - a scroll of fog {unknown}
Potions
 b - a potion of attraction {!q}
 i - 2 potions of lignification {!q}


   Skills:
 + Level 3.6 Fighting
 - Level 2.1 Dodging
 - Level 2.0 Stealth
 + Level 2.7 Spellcasting
 + Level 5.2 Conjurations
 + Level 7.8 Air Magic


You had 5 spell levels left.
You knew the following spells:

 Your Spells              Type           Power      Damage    Failure   Level
a - Shock                 Conj/Air       96%        1d9       1%          1
b - Static Discharge      Conj/Air       24%        N/A       1%          2
c - Swiftness             Air            29%        N/A       1%          3

Your spell library contained the following spells:

 Spells                   Type           Power      Damage    Failure   Level
 Airstrike                Air            14%        N/A       7%          4
 Gell's Gravitas          Tloc           2%         N/A       47%         3
 Lesser Beckoning         Tloc           2%         N/A       47%         3
 Teleport Other           Tloc           2%         N/A       47%         3


Dungeon Overview and Level Annotations

Branches:
Dungeon (4/15)
 Temple: D:4-7

Altars:
Xom

Annotations:
D:4 Grinder


Innate Abilities, Weirdness & Mutations

You have a beak for a mouth.
You have claws for feet.
Your magical nature lets you fly swiftly and evasively.


Message History

a +3 vampiric whip; a +0 chain mail
l - a +3 vampiric whip Your +3 dagger of electrocution stops crackling.
You feel a sense of dread.
l - a +3 vampiric whip (weapon)
Okay, then.
A howler monkey skeleton comes into view.
Aim: a howler monkey skeleton (wandering, hasn't noticed you, 94% to hit)
The zap hits the howler monkey skeleton.
Aim: a howler monkey skeleton (moderately damaged, 94% to hit)
The zap hits the howler monkey skeleton.
Aim: a howler monkey skeleton (moderately damaged, 94% to hit)
The zap hits the howler monkey skeleton.
Aim: a howler monkey skeleton (heavily damaged, 94% to hit)
The zap hits the howler monkey skeleton!
You don't have enough magic to cast this spell.
You hit the howler monkey skeleton.
You destroy the howler monkey skeleton!
Your Conjurations skill increases to level 5!
A dart slug comes into view.
The dart slug launches a dart at you. The slug dart misses you.
Things that are here:
a +0 trident; a +0 leather armour; a scroll labelled RIXTAU AMUAWN
Found a helmet.
Things that are here:
a +0 trident; a +0 leather armour; a scroll labelled RIXTAU AMUAWN You start resting.
A dart slug is nearby!
You hit the dart slug. The dart slug bites you.
You hit the dart slug. You claw the dart slug.
You kill the dart slug!
You see here a dart slug corpse.
You now have 187 gold pieces (gained 8).
d - 5 scrolls labelled EQIAMA WUESIPS (gained 1)
You see here a +0 hat.
m - a +0 hat You start putting on your armour.
You continue putting on your +0 hat. x4
You finish putting on your +0 hat.
As you read the scroll labelled EQIAMA WUESIPS, it crumbles to dust.
It is a scroll of identify.
f - 2 scrolls of holy word
As you read the scroll of identify {@r1}, it crumbles to dust.
g - a scroll of torment
As you read the scroll of identify {@r1}, it crumbles to dust.
i - 2 potions of lignification
As you read the scroll of identify {@r1}, it crumbles to dust.
b - a potion of attraction You drop a potion of attraction {!q}.
You drop a scroll of torment {!r}.
b - a potion of attraction {!q} An orc is nearby!
An orc is nearby!
The orc hits you with a +0 whip.
You closely miss the orc. Your kick misses the orc.
The orc hits you with a +0 whip.
You hit the orc.
The orc drinks a potion.
The orc is healed!
You hit the orc.
You feel better.
You peck the orc. The orc closely misses you.
You hit the orc.
You feel better. The orc barely misses you.
You barely miss the orc. Your kick misses the orc. The orc barely misses you.
You hit the orc.
You kill the orc!
No target in view!
A giant cockroach comes into view.
A giant cockroach is nearby!
A giant cockroach is nearby!
Aim: a giant cockroach (74% to hit)
The zap hits the giant cockroach.
Aim: a giant cockroach (moderately wounded, 74% to hit)
The zap hits the giant cockroach but does no damage.
Aim: a giant cockroach (moderately wounded, 74% to hit)
The zap misses the giant cockroach.
The giant cockroach is struck by an arc of lightning.
You kill the giant cockroach!
You are struck by an arc of lightning.
The lightning grounds out.
Things that are here:
a +0 whip; 24 stones; an orc corpse You see here a dart slug corpse.
g - a scroll labelled RIXTAU AMUAWN
Things that are here:
a +0 trident; a +0 leather armour
n - a scroll labelled ZITRISUUCE You now have 200 gold pieces (gained 13).
A hobgoblin comes into view.
A hobgoblin is nearby!
A hobgoblin is nearby!
Aim: a hobgoblin (asleep, 100% to hit)
The zap hits the hobgoblin.
You kill the hobgoblin!
Okay, then.
Found a hunting sling.
An ogre comes into view. It is wielding a +0 giant club.
Found a stone staircase leading up.
An ogre is nearby!
Aim: an ogre, wielding a +0 giant club (asleep, 100% to hit)
The zap hits the ogre.
The ogre shouts!
Aim: an ogre, wielding a +0 giant club (moderately wounded, 88% to hit)
The zap hits the ogre!
Aim: an ogre, wielding a +0 giant club (heavily wounded, 88% to hit)
The zap hits the ogre!
Aim: an ogre, wielding a +0 giant club (almost dead, 88% to hit)
The zap hits the ogre.
Aim: an ogre, wielding a +0 giant club (almost dead, 88% to hit)
The zap hits the ogre.
You kill the ogre!
There is a stone staircase leading up here.
Things that are here:
a +0 giant club; an ogre corpse Grinder comes into view.
She is carrying a wand of flame (2).
Aim: Grinder, carrying a wand of flame (2) (71% to hit)
The zap hits Grinder.
Grinder gestures at you.
You suddenly lose the ability to move!
Grinder says, "There's only one good use for a tongue: cutting it out."
Grinder gestures at you.
You struggle to resist.
You can move again.
Unknown command.
Grinder is struck by an arc of lightning!
You are struck by an arc of lightning.
Grinder is struck by an arc of lightning.
You are struck by an arc of lightning.
The lightning grounds out.
Grinder hits you.
You writhe in agony.
Grinder is struck by an arc of lightning.
You are struck by an arc of lightning.
The lightning grounds out.
Grinder gestures at you. You resist with significant effort.
Grinder is struck by an arc of lightning!
You are struck by an arc of lightning.
* * * LOW HITPOINT WARNING * * *
The lightning grounds out.
Grinder zaps a wand.
The puff of flame hits you!
* * * LOW HITPOINT WARNING * * *
Here: Grinder, carrying a wand of flame (1) (severely wounded)
The floor.
Unknown command.
You miscast Static Discharge.
You are very lightly contaminated with residual magic.
Nothing appears to happen.
Grinder gestures at you.
You suddenly lose the ability to move!
Grinder gestures at you. Pain shoots through your body!
* * * LOW HITPOINT WARNING * * *
Grinder hits you!
You die...

...# #.# #.. .# #
...## #.# #### #
....## #.# .#...# #.#
.##### #.# .# #.# .#
#######.#####.# .#
........5...... ##
#@# ######.#### ###
#.........# #.##
#.........# #..#
#.........# ######
#######.# #.........#
#.....
>.......########.####
#.#### .........##
#.# #.# ..........#
#.# #.#


You could see Grinder.

Vanquished Creatures
  A water moccasin (D:3)
  A necrophage (D:4)
  2 ogres (D:4)
  A centaur skeleton (D:3)
  An orc priest (D:4)
  An iguana (D:4)
  A hound skeleton (D:4)
  A howler monkey skeleton (D:4)
  A gnoll (D:3)
  Robin (D:2)
  6 adders
  An ufetubus (D:3)
  An adder skeleton (D:4)
  A worm (D:2)
  6 dart slugs
  2 orcs (D:4)
  6 endoplasms
  4 giant cockroaches
  15 goblins
  9 hobgoblins
  7 jackals
  4 quokkas
  4 ball pythons
  9 bats
  4 frilled lizards
  4 kobolds
  7 rats
101 creatures vanquished.

Notes
Turn   | Place    | Note
-------+----------+-------------------------------------------
     0 | D:1      | CryoSword the Tengu Air Elementalist began the quest for
                  | the Orb.
     0 | D:1      | Reached XP level 1. HP: 10/10 MP: 4/4
   267 | D:1      | Reached XP level 2. HP: 7/16 MP: 3/6
   782 | D:1      | Learned a level 2 spell: Static Discharge
   868 | D:1      | Reached skill level 1 in Fighting
   932 | D:1      | Reached XP level 3. HP: 20/20 MP: 0/7
  1310 | D:1      | Reached skill level 5 in Air Magic
  1540 | D:1      | Found a faded altar of an unknown god.
  2001 | D:2      | Reached XP level 4. HP: 25/25 MP: 2/8
  2293 | D:2      | You fall into a shaft and drop 2 floors!
  2561 | D:4      | Noticed a necrophage
  2590 | D:4      | Killed a necrophage
  2591 | D:4      | Reached skill level 6 in Air Magic
  2591 | D:4      | Gained mutation: Your magical nature lets you fly swiftly
                  | and evasively. [Tengu growth]
  2591 | D:4      | Reached XP level 5. HP: 13/30 MP: 0/9
  2975 | D:3      | Noticed a water moccasin
  2986 | D:3      | Killed a water moccasin
  2987 | D:3      | Reached skill level 7 in Air Magic
  2987 | D:3      | Reached XP level 6. HP: 8/36 MP: 2/10
  3235 | D:3      | Learned a level 3 spell: Swiftness
  4003 | D:2      | Noticed Robin
  4018 | D:2      | Killed Robin
  4615 | D:3      | Found a shimmering altar of Xom.
  5169 | D:4      | Reached XP level 7. HP: 41/41 MP: 7/11
  5273 | D:4      | Reached skill level 5 in Conjurations
  5656 | D:4      | Noticed Grinder
  5657 | D:4      | Paralysed by Grinder for 6 turns
  5666 | D:4      | Paralysed by Grinder for 5 turns
  5668 | D:4      | Slain by Grinder

Illustrated notes

Levels and vault maps discovered:
D:1:      lightli_arrival_noodles, layout_basic,
          shapermc_ecumenical_altar_pompeii, nrook_loot_triangle
D:2:      minmay_chambers_of_twos, layout_basic, uniq_robin
D:3:      kb_forest_paths, layout_basic, mainiacjoe_overflow_paths
D:4:      layout_basic, kennysheep_orc_chapel, uniq_grinder

Skill      XL: |  1  2  3  4  5  6  7 |
---------------+----------------------+-----
Conjurations   | 2 3 4 5 |  5.2
Fighting       | 1 2 3 |  3.6
Air Magic      | 5 6 7 |  7.8
Dodging        | |  2.1
Stealth        | |  2.0
Spellcasting   | |  2.7

Action                   |  1- 3 |  4- 6 |  7- 9 || total
-------------------------+-------+-------+-------++-------
Melee: Unarmed           |     9 |       |       ||     9
       Peck              |     3 |     5 |     1 ||     9
       Kick              |     2 |     2 |     1 ||     5
       Dagger            |     3 |    23 |       ||    26
       Whip              |       |       |     9 ||     9
 Cast: Shock             |    75 |    68 |    24 ||   167
       Static Discharge  |     1 |    23 |     5 ||    29
  Use: Potion            |       |     2 |       ||     2
       Scroll            |       |       |     4 ||     4
Armor: Robe              |     4 |     7 |       ||    11
Dodge: Dodged            |    16 |    40 |     4 ||    60
